 Dungeon Crawl Stone Soup version 0.24.0-13-gcf9b319 (webtiles) character file.

Game seed: 2824605746525292066, levelgen mode: deterministic

45777 2bobheroes the Covert (level 14, -26/97 HPs)
             Began as a Purple Draconian Enchanter on Feb 23, 2020.
             Was the Champion of Kikubaaqudgha.
             Killed from afar by a war gargoyle (59 damage)
             ... with a spray of metal splinters
             ... on level 11 of the Dungeon on Feb 26, 2020.
             The game lasted 02:47:37 (25056 turns).

2bobheroes the Covert (Purple Draconian Enchanter) Turns: 25056, Time: 02:47:38

Health: -26/97     AC: 12    Str: 10    XL:     14   Next: 2%
Magic:  11/20      EV: 17    Int: 15    God:    Kikubaaqudgha [******]
Gold:   1362       SH:  7    Dex: 18    Spells: 5/22 levels left

rFire    . . .     SeeInvis .   Y - +2 short sword (holy)
rCold    . . .     Gourm    .   M - +2 buckler
rNeg     . . .     Faith    .   (armour unavailable)
rPois    .         Spirit   .   (helmet restricted)
rElec    .         Reflect  .   (no cloak)
rCorr    .         Harm     .   P - +0 pair of gloves
MR       ++...                  K - +2 pair of boots
Stlth    ++++++....             O - amulet of regeneration
HPRegen  0.66/turn              u - ring of wizardry
MPRegen  0.17/turn              L - ring of wizardry

@: no status effects
A: breathe power, unfitting armour, cold-blooded, AC +8
a: Breathe Dispelling Energy, Receive Corpses, Torment, Brand Weapon With Pain,
Receive Necronomicon, Renounce Religion


You were on level 11 of the Dungeon.
You worshipped Kikubaaqudgha.
Kikubaaqudgha was exalted by your worship.
You were hungry.

You visited 2 branches of the dungeon, and saw 17 of its levels.
You also visited: Bailey and Gauntlet.

You collected 1362 gold pieces.

Inventory:

Hand Weapons
 C - a +1 scimitar of flaming
 F - a +4 dagger of draining
 X - a +1 short sword of venom
 Y - a +2 short sword of holy wrath (weapon)
Missiles
 e - 422 stones (quivered)
 r - 79 boomerangs
 D - 18 silver javelins
 W - 45 poisoned darts
 Z - a throwing net
Armour
 K - a +2 pair of boots (worn)
 M - a +2 buckler (worn)
 P - a +0 pair of gloves (worn)
Jewellery
 h - the amulet of Duipam {Inacc rElec}
   (You found it on level 2 of the Lair of Beasts)

   [amulet of inaccuracy]

   It reduces the accuracy of all your attacks.
   It insulates you from electricity.
 s - an uncursed ring of see invisible
 u - a ring of wizardry (left hand)
 L - a ring of wizardry (right hand)
 N - an uncursed amulet of rage
 O - an amulet of regeneration (around neck)
Wands
 l - a wand of iceblast (17)
 o - a wand of acid (16)
 v - a wand of enslavement (6)
 B - a wand of polymorph (4)
 S - a wand of disintegration (28)
Scrolls
 d - 14 scrolls of remove curse
 k - 15 scrolls of teleportation
 n - 3 scrolls of fog {unknown}
 w - a scroll of random uselessness {unknown}
 z - 3 scrolls of fear {unknown}
 A - 3 scrolls of blinking {unknown}
 I - 3 scrolls of enchant armour {unknown}
 Q - 4 scrolls of immolation
 R - a scroll of magic mapping
 T - a scroll of vulnerability
 V - a scroll of acquirement {unknown}
Potions
 a - 2 potions of cancellation
 f - a potion of haste
 g - 3 potions of might
 i - 9 potions of magic
 j - 4 potions of berserk rage
 m - 6 potions of curing
 p - 2 potions of lignification
 t - 3 potions of brilliance
 x - 6 potions of heal wounds
 G - 4 potions of flight
 J - 4 potions of mutation
Miscellaneous
 y - a fan of gales
 E - a lamp of fire
 U - a lightning rod (4/4)
Comestibles
 c - 30 rations


   Skills:
 + Level 1.7 Fighting
 - Level 12.0 Short Blades
 + Level 7.0 Dodging
 * Level 13.5 Stealth
 - Level 4.0 Shields
 * Level 4.5 Spellcasting
 + Level 1.7 Conjurations
 - Level 10.0 Hexes
 - Level 9.4 Necromancy
 - Level 5.6 Earth Magic


You had 5 spell levels left.
You knew the following spells:

 Your Spells              Type           Power        Failure   Level  Hunger
a - Animate Skeleton      Necr           N/A          1%          1    None
b - Bolt of Draining      Conj/Necr      ###.......   13%         5    ######.
c - Tukima's Dance        Hex            ####....     1%          3    ###....
d - Confuse               Hex            ####....     1%          3    ###....
f - Borgnjor's Vile Clut  Necr/Erth      ####......   6%          5    ######.

Your spell library contained the following spells:

 Spells                   Type           Power        Failure   Level  Hunger
 Confusing Touch          Hex            ####..       1%          1    None
 Corona                   Hex            ####...      1%          1    None
 Pain                     Necr           ####         1%          1    None
 Ensorcelled Hibernation  Hex/Ice        ###...       1%          2    ##.....
 Sublimation of Blood     Necr           ####......   1%          2    ##.....
 Dazzling Spray           Conj/Hex       ###...       1%          3    ###....
 Summon Guardian Golem    Hex/Summ       ###.....     1%          3    ###....
 Vampiric Draining        Necr           ####......   1%          3    ###....
 Animate Dead             Necr           N/A          1%          4    ####...
 Agony                    Necr           ####....     2%          5    ######.
 Dispel Undead            Necr           ####....     2%          5    ######.
 Summon Small Mammal      Summ           #...         4%          1    None
 Call Imp                 Summ           #.......     7%          2    ##.....
 Call Canine Familiar     Summ           #.......     13%         3    ###....
 Gell's Gravitas          Tloc           #.........   13%         3    ###....
 Petrify                  Tmut/Erth      ##......     14%         4    ####...
 Metabolic Englaciation   Hex/Ice        ###.......   16%         5    ######.
 Silence                  Hex/Air        ###.......   16%         5    ######.
 Yara's Violent Unravell  Hex/Tmut       ###.......   16%         5    ######.
 Summon Ice Beast         Ice/Summ       #.......     38%         4    ####...
 Summon Lightning Spire   Summ/Air       #.......     38%         4    ####...
 Darkness                 Hex            ####......   12%         6    #######
 Shadow Creatures         Summ           N/A          99%         6    #######


Dungeon Overview and Level Annotations

Branches:
Dungeon (11/15)            Temple (0/1) D:7            Lair (6/6) D:8
  Swamp (0/4) Lair:2       Spider (0/4) Lair:4        Slime (0/5) Lair:6
 Bailey (visited)         Gauntlet (visited)
    Orc: D:9-12

Altars:
Ashenzari
Elyvilon
Fedhas
Kikubaaqudgha
Nemelex Xobeh
Ru
Sif Muna
Trog
Vehumet
Wu Jian
Yredelemnul

Annotations:
D:10 3 runed translucent doors, Thraspic's ghost, novice HOFi


Innate Abilities, Weirdness & Mutations

You can breathe bolts of dispelling energy.
Your rich purple scales are hard. (AC +8)
You cannot fit into any form of body armour.
You are cold-blooded and may be slowed by cold attacks.


Message History

The zombie hands constrict the war gargoyle!
The zombie hands constrict the deep troll.
The deep troll struggles to escape constriction.
The zombie hands constrict the war gargoyle.
The zombie hands constrict the deep troll!
The deep troll struggles to escape constriction.
The zombie hands constrict the war gargoyle, but do no damage.
The zombie hands constrict the deep troll.
The deep troll struggles to escape constriction.
The zombie hands lose their grip on something.
The zombie hands constrict the deep troll!
You kill the deep troll!
Kikubaaqudgha accepts your kill.
The troll leather armour is intact enough to wear.
Your Dodging skill increases to level 7!
The war gargoyle launches metal splinters at you.
The spray of metal splinters hits you!!!
Ouch! That really hurt!
You die...
Kikubaaqudgha rasps: "You have failed me!
Welcome... death!"

.#..#####..#...##.#.#.#.#.#######
.##.......##...##.#..<#.#.#
######'#####...##.###.#.#.#
###..##)[###...##.....#.#.# .#.
#..##..#...########.#.#
##.##..##..#...# #.#.#
.##..##..###...########.#.#
.'#..##..##[...#.....##.#.#
.#.##..##).#9...@....##.#.#
##.##..##.)#........(#....# .#
..##..###.............##
###..##..# #...##........+ #
####'### #.............# ##.#.#
#........#.#### ##.###.#
#.......##...
##.##.##.##.......###.##
#.##|}:##.#......... ##


You could see a war gargoyle.

Vanquished Creatures
  A minotaur (Gauntlet)
  9 hydras
  Erica (D:10)
  3 catoblepae (Lair:6)
  2 anacondas (Lair:4)
  A two-headed ogre (D:9)
  2 death yaks (Lair:6)
  A deep troll (D:11)
  Pikel (D:5)
  A lindwurm (Lair:6)
  A wolf spider (Lair:4)
  A manticore (Lair:6)
  An oklob plant (Lair:1)
  4 elephants (Lair:3)
  A moth of wrath (Gauntlet)
  7 black mambas
  A centaur zombie (D:11)
  5 spiny frogs
  A rime drake (Lair:2)
  2 minotaur zombies (Gauntlet)
  5 komodo dragons
  A polar bear (Lair:4)
  A troll (D:11)
  10 blink frogs
  10 hippogriffs
  Grinder (D:5)
  Sigmund (D:5)
  A redback (Lair:4)
  3 wyverns
  24 yaks
  A steam dragon (D:8)
  2 basilisks
  2 chaos spawn (Gauntlet)
  4 hungry ghosts
  An acid dragon (D:11)
  A soldier ant (D:11)
  20 water moccasins
  8 porcupines
  2 black bears (D:6)
  5 orc warriors
  3 slaves
  A necrophage (D:9)
  4 sky beasts
  An ogre (D:11)
  15 wolves
  A centaur (D:8)
  10 crocodiles
  A big kobold (D:8)
  A gnoll sergeant (D:4)
  10 bullfrogs
  2 scorpions (D:9)
  6 killer bees (D:10)
  7 wights
  A howler monkey (D:5)
  A crimson imp (D:9)
  2 hounds
  A jelly (D:7)
  3 orc wizards
  5 orc priests
  2 centaur skeletons
  9 worker ants
  3 hound zombies
  4 hound skeletons
  A howler monkey zombie (D:9)
  Robin (D:4)
  A worker ant zombie (D:5)
  22 gnolls
  A howler monkey skeleton (D:5)
  8 adders
  5 shadow imps
  An ooze (D:1)
  An adder skeleton (D:5)
  3 worms (D:2)
  3 dart slugs (D:2)
  4 leopard geckos
  22 orcs
  6 giant cockroaches
  19 goblins
  19 hobgoblins
  9 jackals
  21 kobolds
  4 quokkas
  2 ball pythons
  5 bats
  5 frilled lizards
  2 leopard gecko skeletons (D:6)
  2 quokka skeletons (D:4)
  3 rats
  A spectral orc (D:9)
413 creatures vanquished.

Vanquished Creatures (collateral kills)
  A hydra (Lair:6)
  2 death yaks (Lair:6)
  A manticore (Lair:6)
  A black mamba (Lair:5)
  4 spiny frogs
  2 komodo dragons
  A blink frog (Lair:2)
  A hippogriff (Lair:1)
  18 yaks
  2 swamp worms
  3 water moccasins
  2 porcupines
  An orc warrior (D:9)
  6 wolves
  2 crocodiles
  A bullfrog (Lair:5)
  A wyvern zombie (D:11)
  A gnoll sergeant (D:11)
  2 wights (D:8)
  An iguana (D:11)
  An orc wizard (D:8)
  5 gnolls
  An orc (D:8)
  A goblin (D:3)
  2 hobgoblins (Bailey)
  2 kobolds
  A leopard gecko skeleton (D:9)
  2 plants
68 creatures vanquished.

Vanquished Creatures (others)
  A jumping spider (Lair:4)
  4 dancing weapons
  A howler monkey (D:8)
  9 fungi
  11 plants
26 creatures vanquished.

Grand Total: 507 creatures vanquished

Notes
Turn   | Place    | Note
-------+----------+-------------------------------------------
     0 | D:1      | 2bobheroes the Draconian Enchanter began the quest for the
                  | Orb.
     0 | D:1      | Reached XP level 1. HP: 14/14 MP: 3/3
   211 | D:1      | Reached XP level 2. HP: 20/20 MP: 5/5
   329 | D:1      | Reached skill level 3 in Stealth
   588 | D:1      | Reached XP level 3. HP: 19/26 MP: 6/6
   829 | D:1      | Learned a level 2 spell: Ensorcelled Hibernation
   833 | D:1      | Learned a level 3 spell: Tukima's Dance
  1601 | D:2      | Reached XP level 4. HP: 33/33 MP: 4/7
  3662 | D:3      | Found a white marble altar of Elyvilon.
  3697 | D:3      | Reached XP level 5. HP: 38/38 MP: 3/8
  4349 | D:3      | Found a blossoming altar of Fedhas.
  4354 | D:3      | Found an ancient bone altar of Kikubaaqudgha.
  4375 | D:3      | Found a sacrificial altar of Ru.
  4388 | D:3      | Became a worshipper of Kikubaaqudgha
  4595 | D:4      | Noticed Robin
  4721 | D:4      | Killed Robin
  4943 | D:4      | HP: 1/38 [poisoned by an adder]
  5345 | D:4      | Reached skill level 4 in Stealth
  5749 | D:5      | Entered Level 5 of the Dungeon
  5751 | D:5      | Reached XP level 6. HP: 45/45 MP: 9/9
  6122 | D:5      | Noticed a slave
  6123 | D:5      | Noticed Pikel
  6123 | D:5      | Noticed a slave
  6453 | D:4      | Killed a slave
  6798 | D:5      | Found a shattered altar of Ashenzari.
  7459 | D:5      | Your scales start taking on a rich purple colour.
  7459 | D:5      | Reached skill level 5 in Hexes
  7459 | D:5      | Reached XP level 7. HP: 50/50 MP: 7/10
  7469 | D:5      | Noticed Sigmund
  7481 | D:5      | Killed Sigmund
  7616 | D:5      | Reached * piety under Kikubaaqudgha
  7616 | D:5      | Identified Kikubaaqudgha's Incunabulum of Stolen Souls
                  | (Kikubaaqudgha gifted it to you on level 5 of the Dungeon)
  7616 | D:5      | Received a gift from Kikubaaqudgha
  7624 | D:5      | Learned a level 3 spell: Confuse
  7626 | D:5      | Learned a level 1 spell: Animate Skeleton
  8088 | D:5      | Killed Pikel
  8088 | D:5      | Reached skill level 5 in Stealth
  8088 | D:5      | Reached XP level 8. HP: 51/57 MP: 1/11
  8338 | D:5      | Noticed Grinder
  8352 | D:5      | Killed Grinder
  8352 | D:5      | Reached skill level 5 in Short Blades
  8356 | D:5      | Reached skill level 5 in Dodging
  8652 | D:5      | Reached skill level 6 in Stealth
  8888 | D:6      | Found a bloodstained altar of Trog.
  9443 | D:6      | Found a sparkling altar of Nemelex Xobeh.
  9737 | D:7      | Noticed a hippogriff
  9765 | D:6      | Reached XP level 9. HP: 52/62 MP: 9/12
  9789 | D:6      | Reached skill level 1 in Shields
 10166 | D:7      | Found a staircase to the Ecumenical Temple.
 10910 | D:8      | Reached skill level 7 in Stealth
 11329 | D:8      | Found a staircase to the Lair.
 11344 | D:8      | Reached ** piety under Kikubaaqudgha
 11566 | D:8      | Noticed a komodo dragon
 12136 | D:8      | Killed a komodo dragon
 12347 | D:8      | Found a radiant altar of Vehumet.
 12430 | D:8      | Reached XP level 10. HP: 69/69 MP: 8/13
 12741 | Lair:1   | Entered Level 1 of the Lair of Beasts
 12956 | Lair:1   | Noticed a spiny frog
 12974 | Lair:1   | Reached skill level 8 in Stealth
 13296 | Lair:1   | Killed a spiny frog
 13296 | Lair:1   | Reached *** piety under Kikubaaqudgha
 13296 | Lair:1   | Identified Kikubaaqudgha's Papyrus of Stolen Souls
                  | (Kikubaaqudgha gifted it to you on level 1 of the Lair of
                  | Beasts)
 13296 | Lair:1   | Received a gift from Kikubaaqudgha
 13581 | Lair:1   | Reached skill level 9 in Stealth
 13736 | Lair:1   | Found a shimmering blue altar of Sif Muna.
 13737 | Lair:1   | Noticed an oklob plant
 13816 | Lair:1   | Killed an oklob plant
 13816 | Lair:1   | Reached skill level 10 in Hexes
 14026 | Lair:2   | Noticed a five-headed hydra
 14031 | Lair:2   | Killed a five-headed hydra
 14037 | Lair:2   | Got a coiled crystal amulet
 14039 | Lair:2   | Identified the amulet of Duipam {Inacc rElec} (You found it
                  | on level 2 of the Lair of Beasts)
 14113 | Lair:1   | Reached XP level 11. HP: 74/74 MP: 11/14
 14164 | Lair:2   | Noticed a four-headed hydra
 14567 | Lair:2   | Killed a four-headed hydra
 14567 | Lair:2   | Reached skill level 10 in Stealth
 14567 | Lair:2   | Reached skill level 1 in Necromancy
 14987 | Lair:2   | Noticed an eight-headed hydra
 14997 | Lair:2   | Killed an eight-headed hydra
 14997 | Lair:2   | Reached skill level 10 in Short Blades
 15062 | Lair:2   | Noticed a five-headed hydra
 15069 | Lair:2   | Killed a five-headed hydra
 15236 | Lair:2   | Found a staircase to the Swamp.
 15585 | Lair:3   | Learned a level 5 spell: Borgnjor's Vile Clutch
 15886 | Lair:3   | Reached **** piety under Kikubaaqudgha
 15891 | Lair:3   | Reached skill level 11 in Stealth
 16044 | Lair:3   | Noticed a six-headed hydra
 16061 | Lair:3   | Killed a six-headed hydra
 16061 | Lair:3   | Reached skill level 1 in Earth Magic
 16430 | Lair:4   | Reached XP level 12. HP: 81/81 MP: 13/16
 16540 | Lair:4   | Noticed an anaconda
 16833 | Lair:3   | Reached skill level 5 in Necromancy
 16954 | Lair:4   | Killed an anaconda
 17165 | Lair:4   | Noticed a four-headed hydra
 17178 | Lair:4   | Killed a four-headed hydra
 17286 | Lair:4   | Found a hole to the Spider Nest.
 17524 | Lair:4   | Noticed an anaconda
 17540 | Lair:4   | Killed an anaconda
 18034 | Lair:4   | Noticed an eight-headed hydra
 18042 | Lair:4   | Killed an eight-headed hydra
 18610 | Lair:5   | Found a gate leading to a gauntlet.
 18622 | Gauntlet | Entered a Gauntlet
 18622 | Gauntlet | Found a transporter.
 18625 | Gauntlet | Found a transporter.
 18627 | Gauntlet | Found a transporter.
 18641 | Gauntlet | Found a transporter.
 18645 | Gauntlet | Found a runed translucent door.
 18652 | Gauntlet | Found a runed translucent door.
 18655 | Gauntlet | Found a transporter.
 18657 | Gauntlet | Found a transporter.
 18670 | Gauntlet | Found a transporter.
 18675 | Gauntlet | Found a runed translucent door.
 18681 | Gauntlet | Found a runed translucent gate.
 18682 | Gauntlet | Found a transporter.
 18682 | Gauntlet | Found a runed translucent gate.
 18683 | Gauntlet | Found a runed translucent gate.
 18691 | Gauntlet | Noticed a catoblepas
 18692 | Gauntlet | Found a transporter.
 18702 | Gauntlet | Found a transporter.
 18719 | Gauntlet | Found a transporter.
 18725 | Gauntlet | Found a transporter.
 18831 | Gauntlet | Reached skill level 12 in Stealth
 18888 | Gauntlet | Found a transporter.
 18942 | Gauntlet | Noticed a minotaur
 18957 | Gauntlet | Killed a minotaur
 19138 | Lair:5   | You fall into a shaft and drop 1 floor!
 19138 | Lair:6   | Entered Level 6 of the Lair of Beasts
 19372 | Lair:5   | Reached ***** piety under Kikubaaqudgha
 19388 | Lair:5   | Learned a level 5 spell: Bolt of Draining
 19516 | Lair:5   | Reached XP level 13. HP: 86/86 MP: 17/17
 20564 | Lair:6   | Found a staircase to the Slime Pits.
 21274 | Lair:6   | Reached skill level 5 in Earth Magic
 21401 | Lair:6   | Reached skill level 13 in Stealth
 23080 | D:9      | Found an ornate altar of the Wu Jian Council.
 23105 | D:9      | Found a basalt altar of Yredelemnul.
 23188 | D:10     | Entered Level 10 of the Dungeon
 23213 | D:10     | Found a flagged portal.
 23246 | Bailey   | Entered a bailey
 23271 | Bailey   | Reached ****** piety under Kikubaaqudgha
 23742 | D:10     | Noticed Erica
 23790 | D:10     | Killed Erica
 23790 | D:10     | Reached skill level 1 in Fighting
 23790 | D:10     | Reached skill level 1 in Conjurations
 24230 | D:10     | Found a runed translucent gate.
 24231 | D:10     | Found a runed translucent gate.
 24237 | D:10     | Found a runed translucent gate.
 24238 | D:10     | Noticed Thraspic's ghost (novice HOFi)
 24914 | D:11     | Reached XP level 14. HP: 96/96 MP: 20/20
 25031 | D:11     | Noticed a war gargoyle
 25056 | D:11     | Killed from afar by a war gargoyle

Levels and vault maps discovered:
D:1:      roderic_chinese_lattice_arrival, layout_loops_ring
D:2:      wad_pebble_path, layout_loops_ring, minmay_misc_feat_four_crosses
D:3:      layout_rooms, minmay_overflow_temple_star_quad,
          corexii_leaking_fountain, lemuel_statue_altar
D:4:      layout_basic, uniq_robin
D:5:      layout_loops_corners, old_standard_altar, first_ration, uniq_sigmund,
          uniq_grinder, uniq_pikel
D:6:      layout_basic, old_standard_altar, trog_ov_bears_minmay,
          dk_noncrumbling_3, minivault_5, nrook_mini_vaults
D:7:      layout_gridville, minmay_temple_entry_statues
D:8:      layout_rooms, marbit_many_paths, david_lair_shrubbed
D:9:      layout_big_octagon, kennysheep_mini_moat,
          yredelemnul_forgotten_temple_becter
D:10:     layout_cave_pools, gammafunk_ghost_split, enter_bailey_3,
          minmay_misc_feat_enclosed, uniq_erica
D:11:     minmay_the_grid_4x2 [minmay_the_grid_zigzag_pyramid,
          minmay_the_grid_rooms, minmay_the_grid_diamond_grid,
          minmay_the_grid_eight, minmay_the_grid_minigrid_medium,
          minmay_the_grid_dragon_b, minmay_the_grid_holed_spiral,
          minmay_the_grid_prize_diamond_cup], layout_basic, hiddenorc1_lemuel
Lair:1:   layout_chaotic_city, lemuel_oklob_altar
Lair:2:   layout_regular_city, palyth_hydra_swamp_entry, grunt_megastairs_3,
          serial_bayou_shore_a, infiniplex_staircase_pool
Lair:3:   layout_loops_ring, serial_bayou_shore_b
Lair:4:   beast_lair_carwin_large_4, layout_layer_cave,
          spider_nest_entry_funnel_web
Lair:5:   layout_regular_city, gauntlet_entry_generic
Lair:6:   evilmike_catoblepas_cave, layout_big_grid, slime_dummy

Skill      XL: |  1  2  3  4  5  6  7  8  9 10 11 12 13 14 |
---------------+-------------------------------------------+-----
Dodging        | 2 3 4 5 6 7 |  7.0
Stealth        | 3 4 5 6 7 9 11 12 13 | 13.5
Hexes          | 3 5 6 7 8 10 | 10.0
Short Blades   | 2 3 4 5 7 9 10 12 | 12.0
Shields        | 4 |  4.0
Necromancy     | 4 7 9 |  9.4
Spellcasting   | 3 4 |  4.5
Earth Magic    | 1 4 5 |  5.6
Fighting       | 1 |  1.7
Conjurations   | 1 |  1.7

Action                   |  1- 3 |  4- 6 |  7- 9 | 10-12 | 13-15 || total
-------------------------+-------+-------+-------+-------+-------++-------
Melee: Dagger            |   152 |   289 |   282 |   622 |   640 ||  1985
       Tailslap          |    13 |    30 |    38 |    95 |   117 ||   293
       Short sword       |       |       |    58 |    75 |    95 ||   228
Throw: Stone             |     1 |    41 |    21 |    19 |     7 ||    89
 Cast: Ensorcelled Hiber |     5 |    49 |    46 |    55 |       ||   155
       Tukima's Dance    |       |     3 |    10 |     6 |    11 ||    30
       Confuse           |       |       |    27 |    53 |    20 ||   100
       Animate Skeleton  |       |       |     4 |    55 |    49 ||   108
       Corona            |       |       |     1 |       |       ||     1
       Borgnjor's Vile C |       |       |       |     4 |    27 ||    31
Evoke: Wand              |       |       |       |       |     1 ||     1
  Use: Scroll            |       |     9 |     2 |    13 |     6 ||    30
       Potion            |       |       |       |     6 |       ||     6
 Stab: Sleeping          |     6 |    33 |    23 |    28 |    23 ||   113
       Confused          |       |       |    18 |    34 |     8 ||    60
       Distracted        |       |       |     2 |     6 |     4 ||    12
  Eat: Chunk             |     2 |    21 |    14 |    24 |    28 ||    89
       Ration            |       |     1 |     3 |     3 |     1 ||     8
Armor: Skin              |    61 |    77 |    89 |    91 |   109 ||   427
Dodge: Dodged            |    99 |   172 |   237 |   367 |   316 ||  1191
Block: Buckler           |       |       |       |   158 |   166 ||   324
